NCAA
GEORGIA TECH YELLOW JACKETS @ KANSAS STATE WILDCATS
06/02/2024
 
TOP OF THE 1ST
Georgia Tech Yellow Jackets batting - Pitching for Kansas State Wildcats : RHP Gil Paling
Pitching: RHP Gil Paling
Batting: LHB Mike Harris 0-0: Foul Ball, location: 2F
0-1: Swinging Strike
0-2: Ball
1-2: Strikes out swinging
Batting: SHB Ramón Valdés 0-0: Foul Ball, location: 2F
0-1: Ball
1-1: Swinging Strike
1-2: Ground out 5-3 (Groundball, 56)
Batting: LHB Héctor Soto 0-0: Ball
1-0: Called Strike
1-1: Ball
2-1: Swinging Strike
2-2: Strikes out swinging
Top of the 1st over - 0 run(s), 0 hit(s), 0 error(s), 0 left on base; Georgia Tech 0 - Kansas State 0
BOTTOM OF THE 1ST
Kansas State Wildcats batting - Pitching for Georgia Tech Yellow Jackets : RHP Randall Martin
Pitching: RHP Randall Martin
Batting: LHB Juan Cuervo 0-0: Ball
1-0: Ground out U3 (Groundball, 3L)
Batting: SHB Don Pittman 0-0: Called Strike
0-1: Ball
1-1: Ball
2-1: Ball
3-1: Base on Balls
Batting: LHB Tony Smith 0-0: Foul Ball, location: 2F
0-1: Ball
1-1: Ball
2-1: Ball
3-1: Called Strike
3-2: Strikes out swinging
Batting: LHB Kyle Harrison 0-0: Ball
1-0: Ground out U3 (Groundball, 3)
Bottom of the 1st over - 0 run(s), 0 hit(s), 0 error(s), 1 left on base; Georgia Tech 0 - Kansas State 0
TOP OF THE 2ND
Georgia Tech Yellow Jackets batting - Pitching for Kansas State Wildcats : RHP Gil Paling
Batting: RHB Brian Cannon 0-0: Ball
1-0: Called Strike
1-1: Swinging Strike
1-2: Ball
2-2: Strikes out swinging
Batting: RHB Luis Antonio Cuevas 0-0: Fly out, F7 (Flyball, 7M)
Batting: RHB Paul White 0-0: Ball
1-0: Ball
2-0: Ball
3-0: Base on Balls
Batting: RHB John Smith 0-0: Called Strike
0-1: Ball
1-1: Ball
2-1: Ball
3-1: SINGLE (Line Drive, 8LS)
Paul White to second
Batting: RHB Pete McKee 0-0: SINGLE (Groundball, 56)
Paul White to third
John Smith to second
Runner from 3rd tries for Home, SAFE, no throw or cutoff
Batting: RHB Pedro Fernández 0-0: Ball
1-0: Fly out, F9 (Flyball, 89S)
Top of the 2nd over - 1 run(s), 2 hit(s), 0 error(s), 2 left on base; Georgia Tech 1 - Kansas State 0
BOTTOM OF THE 2ND
Kansas State Wildcats batting - Pitching for Georgia Tech Yellow Jackets : RHP Randall Martin
Batting: LHB José Rodríguez 0-0: Called Strike
0-1: Fly out, F7 (Flyball, 7M)
Batting: RHB David Hernández 0-0: Ball
1-0: Ball
2-0: Called Strike
2-1: Ground out 1-3 (Groundball, 15)
Batting: RHB Bobby Hinkle 0-0: Ball
1-0: Ground out 5-3 (Groundball, 56)
Bottom of the 2nd over - 0 run(s), 0 hit(s), 0 error(s), 0 left on base; Georgia Tech 1 - Kansas State 0
TOP OF THE 3RD
Georgia Tech Yellow Jackets batting - Pitching for Kansas State Wildcats : RHP Gil Paling
Batting: LHB Mike Harris 0-0: Ball
1-0: Swinging Strike
1-1: Called Strike
1-2: Ball
2-2: Strikes out swinging
Batting: SHB Ramón Valdés 0-0: Called Strike
0-1: Fly out, F3 (Popup, 3SF)
Batting: LHB Héctor Soto 0-0: Swinging Strike
0-1: Ball
1-1: SINGLE (Line Drive, 78S)
Batting: RHB Brian Cannon 0-0: Called Strike
0-1: Ball
1-1: Ball
2-1: Foul Ball, location: 2F
2-2: Strikes out swinging
Top of the 3rd over - 0 run(s), 1 hit(s), 0 error(s), 1 left on base; Georgia Tech 1 - Kansas State 0
BOTTOM OF THE 3RD
Kansas State Wildcats batting - Pitching for Georgia Tech Yellow Jackets : RHP Randall Martin
Batting: RHB John Wilson 0-0: Ball
1-0: Swinging Strike
1-1: Hit by Pitch
Batting: RHB Steve Ashe 0-0: Grounds into double play, 6-4-3 (Groundball, 6)
Batting: LHB Juan Cuervo 0-0: Ball
1-0: Foul Ball, location: 2F
1-1: Ball
2-1: Ball
3-1: Base on Balls
Batting: SHB Don Pittman 0-0: Ball
Juan Cuervo steals 2nd base
1-0: Foul Ball, location: 2F
1-1: Ball
2-1: Ground out U3 (Groundball, 3)
Bottom of the 3rd over - 0 run(s), 0 hit(s), 0 error(s), 1 left on base; Georgia Tech 1 - Kansas State 0
TOP OF THE 4TH
Georgia Tech Yellow Jackets batting - Pitching for Kansas State Wildcats : RHP Gil Paling
Batting: RHB Luis Antonio Cuevas 0-0: Fly out, F9 (Flyball, 9M)
Batting: RHB Paul White 0-0: Ball
1-0: Foul Ball, location: 2F
1-1: Ball
2-1: Ball
3-1: Base on Balls
Batting: RHB John Smith 0-0: Foul Ball, location: 2F
0-1: Swinging Strike
0-2: Ball
1-2: Foul Ball, location: 2F
1-2: Strikes out swinging
Batting: RHB Pete McKee 0-0: Called Strike
0-1: Called Strike
0-2: Strikes out swinging
Top of the 4th over - 0 run(s), 0 hit(s), 0 error(s), 1 left on base; Georgia Tech 1 - Kansas State 0
BOTTOM OF THE 4TH
Kansas State Wildcats batting - Pitching for Georgia Tech Yellow Jackets : RHP Randall Martin
Batting: LHB Tony Smith 0-0: Fly out, F8 (Flyball, 8LD)
Batting: LHB Kyle Harrison 0-0: Foul Ball, location: 2F
0-1: Ball
1-1: Fly out, F9 (Flyball, 9LD)
Batting: LHB José Rodríguez 0-0: Called Strike
0-1: Called Strike
0-2: SOLO HOME RUN (Line Drive, 89XD), Distance : 376 ft
Batting: RHB David Hernández 0-0: Called Strike
0-1: Ball
1-1: Ground out 5-3 (Groundball, 5)
Bottom of the 4th over - 1 run(s), 1 hit(s), 0 error(s), 0 left on base; Georgia Tech 1 - Kansas State 1
TOP OF THE 5TH
Georgia Tech Yellow Jackets batting - Pitching for Kansas State Wildcats : RHP Gil Paling
Batting: RHB Pedro Fernández 0-0: Ground out 4-3 (Groundball, 4M)
Batting: LHB Mike Harris 0-0: Ball
1-0: DOUBLE (Flyball, 8RM)
Batting: SHB Ramón Valdés 0-0: Called Strike
0-1: Ball
1-1: Called Strike
1-2: Strikes out swinging
Batting: LHB Héctor Soto 0-0: Called Strike
0-1: Fly out, F8 (Flyball, 8RXD)
Top of the 5th over - 0 run(s), 1 hit(s), 0 error(s), 1 left on base; Georgia Tech 1 - Kansas State 1
BOTTOM OF THE 5TH
Kansas State Wildcats batting - Pitching for Georgia Tech Yellow Jackets : RHP Randall Martin
Batting: RHB Bobby Hinkle 0-0: Ball
1-0: Ball
2-0: Swinging Strike
2-1: Foul Ball, location: 2F
2-2: Strikes out swinging
Batting: RHB John Wilson 0-0: Foul Ball, location: 2F
0-1: Swinging Strike
0-2: Foul Ball, location: 2F
0-2: Ball
1-2: Strikes out swinging
Batting: RHB Steve Ashe 0-0: Called Strike
0-1: Foul Ball, location: 2F
0-2: Ball
1-2: Ball
2-2: Ball
3-2: Foul Ball, location: 2F
3-2: Base on Balls
Batting: LHB Juan Cuervo 0-0: SINGLE (Groundball, 4MD)
Steve Ashe to second
Runner from 2nd tries for 3rd, SAFE, throw made to third
Batting: SHB Don Pittman 0-0: Ball
1-0: Ball
2-0: Called Strike
2-1: SINGLE (Line Drive, 9LM)
Steve Ashe scores
Juan Cuervo to second
Pitching: RHP Adam Knight
Batting: LHB Tony Smith 0-0: Ball
1-0: Fly out, F7 (Flyball, 78M)
Bottom of the 5th over - 1 run(s), 2 hit(s), 0 error(s), 2 left on base; Georgia Tech 1 - Kansas State 2
TOP OF THE 6TH
Georgia Tech Yellow Jackets batting - Pitching for Kansas State Wildcats : RHP Gil Paling
Batting: RHB Brian Cannon 0-0: Ball
1-0: Foul Ball, location: 2F
1-1: SINGLE (Groundball, 6MD)
Batting: RHB Luis Antonio Cuevas 0-0: Called Strike
0-1: Foul Ball, location: 2F
0-2: Ball
Wild Pitch!
Brian Cannon to second
1-2: Ball
2-2: Strikes out looking
Batting: RHB Paul White 0-0: Ball
1-0: Ball
2-0: Ball
3-0: Called Strike
3-1: Base on Balls
Pitching: RHP Colin Younger
Batting: RHB John Smith 0-0: Ball
1-0: Ball
2-0: Called Strike
2-1: Fly out, F9 (Flyball, 9M)
Batting: RHB Pete McKee 0-0: Called Strike
0-1: Ball
1-1: Ball
2-1: Ball
3-1: Base on Balls
Brian Cannon to third
Paul White to second
Batting: RHB Pedro Fernández 0-0: Foul Ball, location: 2F
0-1: Ball
1-1: Called Strike
1-2: Ball
2-2: Foul Ball, location: 2F
2-2: Ball
3-2: Strikes out looking
Top of the 6th over - 0 run(s), 1 hit(s), 0 error(s), 3 left on base; Georgia Tech 1 - Kansas State 2
BOTTOM OF THE 6TH
Kansas State Wildcats batting - Pitching for Georgia Tech Yellow Jackets : RHP Adam Knight
Batting: LHB Kyle Harrison 0-0: Called Strike
0-1: Fly out, F4 (Line Drive, 4)
Batting: LHB José Rodríguez 0-0: Ball
1-0: Ball
2-0: SOLO HOME RUN (Flyball, 89XD), Distance : 386 ft
Batting: RHB David Hernández 0-0: Called Strike
0-1: SOLO HOME RUN (Flyball, 78XD), Distance : 391 ft
Pitching: RHP Bartolo Méndez
Batting: RHB Bobby Hinkle 0-0: Ball
1-0: Swinging Strike
1-1: Ball
2-1: Ground out 6-3 (Groundball, 6M)
Batting: RHB John Wilson 0-0: Ball
1-0: Ball
2-0: Ball
3-0: Base on Balls
Batting: RHB Steve Ashe 0-0: Foul Ball, location: 2F
0-1: Swinging Strike
0-2: Foul Ball, location: 2F
0-2: Strikes out looking
Bottom of the 6th over - 2 run(s), 2 hit(s), 0 error(s), 1 left on base; Georgia Tech 1 - Kansas State 4
TOP OF THE 7TH
Georgia Tech Yellow Jackets batting - Pitching for Kansas State Wildcats : RHP Colin Younger
Batting: LHB Mike Harris 0-0: Foul Ball, location: 2F
0-1: Foul Ball, location: 2F
0-2: Strikes out swinging
Batting: SHB Ramón Valdés 0-0: Foul Ball, location: 2F
0-1: Swinging Strike
0-2: Strikes out swinging
Batting: LHB Héctor Soto 0-0: Ball
1-0: Ball
2-0: Ball
3-0: Called Strike
3-1: Foul Ball, location: 2F
3-2: Strikes out swinging
Top of the 7th over - 0 run(s), 0 hit(s), 0 error(s), 0 left on base; Georgia Tech 1 - Kansas State 4
BOTTOM OF THE 7TH
Kansas State Wildcats batting - Pitching for Georgia Tech Yellow Jackets : RHP Bartolo Méndez
Batting: LHB Juan Cuervo 0-0: Ball
1-0: Fly out, F8 (Popup, 4MD)
Batting: SHB Don Pittman 0-0: Ball
1-0: Foul Ball, location: 2F
1-1: Called Strike
1-2: Fly out, F5 (Popup, 5SF)
Batting: LHB Tony Smith 0-0: Ball
1-0: Called Strike
1-1: Swinging Strike
1-2: Ball
2-2: Foul Ball, location: 2F
2-2: Ball
3-2: Base on Balls
Batting: LHB Kyle Harrison 0-0: Ball
1-0: Foul Ball, location: 2F
1-1: Foul Ball, location: 2F
1-2: Foul Ball, location: 2F
1-2: Fly out, F8 (Flyball, 8LD)
Bottom of the 7th over - 0 run(s), 0 hit(s), 0 error(s), 1 left on base; Georgia Tech 1 - Kansas State 4
TOP OF THE 8TH
Georgia Tech Yellow Jackets batting - Pitching for Kansas State Wildcats : RHP Colin Younger
Now at SS: Bill Jordan
Batting: RHB Brian Cannon 0-0: SINGLE (Line Drive, 8LS)
Pitching: RHP Bill Chase
Batting: RHB Luis Antonio Cuevas 0-0: Ball
1-0: Called Strike
1-1: Swinging Strike
1-2: Strikes out swinging
Batting: RHB Paul White 0-0: Fly out, F6 (Popup, 4MD)
Batting: RHB John Smith 0-0: Ball
1-0: Foul Ball, location: 2F
1-1: Called Strike
1-2: Ball
2-2: Foul Ball, location: 2F
2-2: Ball
3-2: Base on Balls
Brian Cannon to second
Batting: RHB Pete McKee 0-0: Ball
1-0: Called Strike
1-1: Ball
2-1: Ball
3-1: Base on Balls
Brian Cannon to third
John Smith to second
Pinch Hitting: RHB Joe Atkinson 0-0: Called Strike
0-1: Ball
1-1: Called Strike
1-2: Fly out, F7 (Flyball, 7M)
Top of the 8th over - 0 run(s), 1 hit(s), 0 error(s), 3 left on base; Georgia Tech 1 - Kansas State 4
BOTTOM OF THE 8TH
Kansas State Wildcats batting - Pitching for Georgia Tech Yellow Jackets : RHP Bartolo Méndez
Now at 1B: Rodrigo Carballeira
Batting: LHB José Rodríguez 0-0: Ball
1-0: Ball
2-0: Ball
3-0: Base on Balls
Batting: RHB David Hernández 0-0: Called Strike
0-1: Ground out 5-3 (Groundball, 5S)
José Rodríguez to second
Batting: RHB Bobby Hinkle 0-0: Intentional Walk
Pitching: RHP Rafael Durán
Batting: RHB John Wilson 0-0: Ball
1-0: Ball
2-0: Foul Ball, location: 2F
2-1: Foul Ball, location: 2F
2-2: Ball
3-2: Ground out 6-3 (Groundball, 6)
José Rodríguez to third
Bobby Hinkle to second
Batting: RHB Steve Ashe 0-0: Called Strike
0-1: Called Strike
0-2: Strikes out swinging
Bottom of the 8th over - 0 run(s), 0 hit(s), 0 error(s), 2 left on base; Georgia Tech 1 - Kansas State 4
TOP OF THE 9TH
Georgia Tech Yellow Jackets batting - Pitching for Kansas State Wildcats : RHP Bill Chase
Pitching: RHP Wiley Chandler
Batting: LHB Mike Harris 0-0: Called Strike
0-1: Ball
1-1: Swinging Strike
1-2: Ball
2-2: Strikes out looking
Batting: SHB Ramón Valdés 0-0: Ball
1-0: Ball
2-0: Swinging Strike
2-1: Foul Ball, location: 2F
2-2: Ball
3-2: Strikes out looking
Batting: LHB Héctor Soto 0-0: Ball
1-0: Ground out 6-3 (Groundball, 6)
Top of the 9th over - 0 run(s), 0 hit(s), 0 error(s), 0 left on base; Georgia Tech 1 - Kansas State 4
This league is powered by Out of the Park Baseball, the baseball management simulation game for PC, Mac and Linux
Saturday, April 9th, 2016 - OOTP Baseball 16.8 Build 38